 Dungeon Crawl Stone Soup version 0.22-a0-448-g1fb7470 (webtiles) character file.

156490 Mgcat the Severer (level 17, -2/153 HPs)
             Began as a Deep Dwarf Fighter on June 4, 2018.
             Was the Champion of Makhleb.
             Slain by the 22-headed Lernaean hydra (6 damage)
             ... on level 4 of the Swamp.
             The game lasted 01:08:01 (22010 turns).

Mgcat the Severer (Deep Dwarf Fighter)             Turns: 22010, Time: 01:08:02

Health: -2/153     AC: 23    Str: 24    XL:     17   Next: 10%
Magic:  13/13      EV: 10    Int: 11    God:    Makhleb [******]
Gold:   2338       SH: 20    Dex: 17    Spells: 26/26 levels left

rFire    + + .     SeeInvis +   P - +6 broad axe "Ossehud" {flame, Dex+4}
rCold    + . .     Gourm    .   o - +2 shield {rF+}
rNeg     + . .     Faith    .   L - +3 plate armour
rPois    +         Spirit   .   W - +1 hat {SInv}
rElec    .         Reflect  +   M - +1 cloak {+Inv}
rCorr    +         Harm     .   n - +2 pair of gloves
MR       +++..                  G - +1 pair of boots {Stlth+}
Stlth    ..........             v - +3 amulet of reflection
HPRegen  0.00/turn              R - ring of Fedhas's Scorn {rPois rF+ rC+}
MPRegen  0.13/turn              Q - ring "Winnot" {rCorr MR+}

@: very slightly contaminated, non-regenerating, invisible
A: damage resistance, heal wounds, negative energy resistance 1, sense
surroundings 2, no regeneration
a: Heal Wounds, Minor Destruction, Lesser Servant of Makhleb, Major Destruction,
Greater Servant of Makhleb, Renounce Religion


You were on level 4 of the Swamp.
You worshipped Makhleb.
Makhleb was exalted by your worship.
You were not hungry.

You visited 5 branches of the dungeon, and saw 28 of its levels.
You also visited: Ossuary.

You collected 2832 gold pieces.
You spent 494 gold pieces at shops.

Inventory:

Hand Weapons
 C - a +1 battleaxe of freezing
   (You took it off a frost giant on level 13 of the Dungeon)
 P - the +6 broad axe "Ossehud" (weapon) {flame, Dex+4}
   (You acquired it on level 6 of the Lair of Beasts)

   It has been specially enchanted to burn those struck by it, causing extra
   injury to most foes and up to half again as much damage against particularly
   susceptible opponents.
   Big, fiery blades are also staple armaments of hydra-hunters.
   It affects your dexterity (+4).
Armour
 c - a scarf of repulsion
   (You acquired it on level 2 of the Lair of Beasts)
 n - a +2 pair of gloves (worn)
   (You found it on level 3 of the Dungeon)
 o - a +2 shield of fire resistance (worn)
   (You found it on level 3 of the Lair of Beasts)
 y - a scarf of cloud immunity
   (You found it on level 13 of the Dungeon)
 G - a +1 pair of boots of stealth (worn)
   (You bought it in a shop on level 2 of the Orcish Mines)
 L - a +3 plate armour (worn)
   (You found it on level 15 of the Dungeon)
 M - a +1 cloak of invisibility (worn)
   (You found it on level 3 of the Lair of Beasts)
 W - a +1 hat of see invisible (worn)
   (You found it on level 2 of the Swamp)
Jewellery
 e - an uncursed ring of wizardry {Wiz+, !d}
   (You found it on level 1 of the Dungeon)
 v - a +3 amulet of reflection (around neck)
   (You found it on level 8 of the Dungeon)
 Q - the ring "Winnot" (right hand) {rCorr MR+}
   (You found it on level 6 of the Lair of Beasts)

   [ring of resist corrosion]

   It affects your resistance to hostile enchantments.
 R - the ring of Fedhas's Scorn (left hand) {rPois rF+ rC+}
   (You found it on level 13 of the Dungeon)

   [ring of protection from cold]

   It protects you from fire.
   It protects you from cold.
   It protects you from poison.
Wands
 l - a wand of polymorph (21)
   (You took it off an orc on level 6 of the Dungeon)
 D - a wand of acid (20)
   (You found it on level 9 of the Dungeon)
 E - a wand of flame (78)
   (You found it on level 9 of the Dungeon)
 H - a wand of disintegration (5)
   (You found it on level 10 of the Dungeon)
 I - a wand of digging (12)
   (You found it on level 9 of the Dungeon)
 K - a wand of paralysis (52)
   (You found it on level 2 of the Lair of Beasts)
 V - a wand of random effects (33)
   (You found it on level 14 of the Dungeon)
Scrolls
 a - a scroll of enchant weapon
 d - a scroll of summoning
 g - a scroll of magic mapping {!r}
 j - 9 scrolls of teleportation
 k - 8 scrolls of identify
 q - 4 scrolls of fear
 w - 2 scrolls of fog
 x - 9 scrolls of remove curse
 F - 2 scrolls of blinking {!r}
 O - 4 scrolls of amnesia
Potions
 h - 13 potions of curing
 i - 6 potions of flight
 m - 4 potions of ambrosia
 p - 8 potions of heal wounds
 r - 4 potions of cancellation
 s - a potion of resistance
 t - 4 potions of brilliance
 u - 5 potions of agility
 z - 6 potions of lignification {!q}
 A - 2 potions of haste
 J - a potion of magic {unknown}
Miscellaneous
 B - a lamp of fire
   (You found it on level 13 of the Dungeon)
 N - a box of beasts
 S - a phantom mirror
Comestibles
 b - 29 chunks of flesh {@w0}
 f - 42 rations


   Skills:
 - Level 10.0 Fighting
 - Level 20.0 Axes
 - Level 5.0 Armour
 - Level 5.5 Dodging
 - Level 15.0 Shields
 - Level 5.0 Spellcasting
 + Level 14.1 Invocations
 + Level 14.1 Evocations


You had 26 spell levels left.
You didn't know any spells.
Your spell library contained the following spells:

 Spells                   Type           Power        Failure   Level  Hunger
 Cause Fear               Hex            #.........   100%        4    ####...
 Magic Dart               Conj           #...         97%         1    None
 Lightning Bolt           Conj/Air       #.........   100%        5    ######.
 Throw Frost              Conj/Ice       #.....       99%         2    ##.....
 Mephitic Cloud           Conj/Pois/Air  #.......     100%        3    ###....
 Venom Bolt               Conj/Pois      #.........   100%        5    ######.
 Olgreb's Toxic Radiance  Pois           #.......     100%        4    ####...
 Iskenderun's Mystic Bla  Conj           #.......     100%        4    ####...
 Freeze                   Ice            #...         97%         1    None
 Summon Ice Beast         Ice/Summ       #.......     100%        4    ####...
 Ozocubu's Armour         Chrm/Ice       #.......     100%        3    ###....
 Sting                    Conj/Pois      #...         97%         1    None
 Spider Form              Tmut/Pois      #.........   100%        3    ###....
 Blade Hands              Tmut           #.........   100%        5    ######.
 Statue Form              Tmut/Erth      #........    100%        6    #######
 Ice Form                 Ice/Tmut       #.......     100%        4    ####...
 Dragon Form              Tmut           #.........   100%        7    #######
 Deflect Missiles         Chrm/Air       #.........   100%        6    #######
 Throw Icicle             Conj/Ice       #.......     100%        4    ####...
 Shadow Creatures         Summ           N/A          100%        6    #######
 Sticks to Snakes         Tmut           #.......     99%         2    ##.....
 Ensorcelled Hibernation  Hex/Ice        #.....       99%         2    ##.....
 Silence                  Hex/Air        #.........   100%        5    ######.
 Shatter                  Erth           #.........   100%        9    #######
 Static Discharge         Conj/Air       #.......     100%        3    ###....
 Tornado                  Air            #.........   100%        9    #######
 Darkness                 Hex            #.........   100%        6    #######
 Beastly Appendage        Tmut           #.....       97%         1    None
 Fulminant Prism          Conj/Hex       #.........   100%        4    ####...
 Dazzling Spray           Conj/Hex       #.....       100%        3    ###....
 Force Lance              Conj/Tloc      #.......     100%        4    ####...
 Searing Ray              Conj           #.....       99%         2    ##.....
 Discord                  Hex            #.........   100%        8    #######
 Hydra Form               Tmut           #.........   100%        6    #######
 Irradiate                Conj/Tmut      #.........   100%        5    ######.
 Yara's Violent Unravell  Hex/Tmut       #.........   100%        5    ######.
 Poisonous Vapours        Pois/Air       #.....       99%         2    ##.....
 Ignition                 Fire           #.........   100%        8    #######
 Borgnjor's Vile Clutch   Necr/Erth      #.........   100%        5    ######.


Dungeon Overview and Level Annotations

Branches:
Dungeon (15/15)            Temple (1/1) D:4            Lair (6/6) D:11
  Swamp (4/4) Lair:3        Snake (0/4) Lair:4        Slime (0/5) Lair:6
    Orc (2/2) D:10            Elf (0/3) Orc:2        Vaults (0/5) D:13
 Depths (0/5) D:15

Altars:
Ashenzari
Cheibriados
Dithmenos
Elyvilon
Fedhas
Gozag
Hepliaklqana
Kikubaaqudgha
Makhleb
Nemelex Xobeh
Okawaru
Qazlal
Ru
Sif Muna
Trog
Uskayaw
Vehumet
Wu Jian
Xom
Yredelemnul
Zin
The Shining One
Beogh
Jiyva

Shops:
D:7 *   D:14 *   Orc:1 (   Orc:2 [(([

Annotations:
D:6 1 exclusion
D:9 exclusion: obsidian statue
Lair:4 exclusion: oklob plant
Lair:5 exclusion: 4 oklob plants
Swamp:4 1 exclusion, Bai Suzhen, Lernaean hydra


Innate Abilities, Weirdness & Mutations

You are resistant to damage.
You can heal yourself by infusing magical energy.
You resist negative energy. (rN+)
You passively map the area around you.
You do not regenerate.


Message History

You block the 23-headed Lernaean hydra's attack.
The 23-headed Lernaean hydra bites you.
The 23-headed Lernaean hydra closely misses you.
The 23-headed Lernaean hydra bites you!
* * * LOW HITPOINT WARNING * * *
You block the 23-headed Lernaean hydra's attack.
The 23-headed Lernaean hydra barely misses you.
A bog body comes into view.
The swamp drake breathes noxious fumes at the 23-headed Lernaean hydra.
The noxious blast engulfs the 23-headed Lernaean hydra.
The 23-headed Lernaean hydra appears unharmed.
The tyrant leech is engulfed in noxious fumes.
The tyrant leech appears confused.
The tyrant leech bites the swamp drake!
The tyrant leech draws strength from the swamp drake's injuries!
The swamp drake roars!
Really read
F - 3 scrolls of blinking {!r}?
Blink to where?
Press: ? - help, Dir - move target cursor
As you read the scroll of blinking {!r}, it crumbles to dust.
Bai Suzhen roars!
A five-headed hydra appears.
You feel much better.
The five-headed hydra roars!
The tyrant leech is engulfed in noxious fumes.
The tyrant leech bites the 23-headed Lernaean hydra.
The tyrant leech draws strength from the 23-headed Lernaean hydra's injuries!
You feel much better.
The five-headed hydra roars!
You feel much better.
The five-headed hydra roars!
Okay, then.
A demon appears!
The five-headed hydra roars!
The six-headed hydra disappears in a puff of smoke!
The five-headed hydra bites you!
You block the five-headed hydra's attack. x4
You chop one of the five-headed hydra's heads off!
The flame cauterises the wound!
You slash the four-headed hydra! You burn the four-headed hydra.
The four-headed hydra is moderately wounded.
Your Executioner hits the four-headed hydra!
Your Executioner hits the four-headed hydra.
Your Executioner hits the four-headed hydra!
The four-headed hydra barely misses your Executioner.
The four-headed hydra misses your Executioner.
The four-headed hydra closely misses your Executioner. x2
You catch the helpless four-headed hydra completely off-guard!
You chop one of the four-headed hydra's heads off!
The flame cauterises the wound!
You cut the three-headed hydra into ribbons!!!
You burn the three-headed hydra!
You kill the three-headed hydra!
The three-headed hydra's corpse disappears in a puff of smoke!
Your Executioner gestures.
Your Executioner seems to speed up.
Your Executioner hits Bai Suzhen!!
Your Executioner hits Bai Suzhen but does no damage.
Your Executioner hits Bai Suzhen.
Bai Suzhen hits your Executioner with a quarterstaff.
Bai Suzhen tail-slaps your Executioner.
You catch the helpless 23-headed Lernaean hydra completely off-guard!
You lop one of the 23-headed Lernaean hydra's heads off!
The flame cauterises the wound!
You slash the 22-headed Lernaean hydra! You burn the 22-headed Lernaean hydra.
The 22-headed Lernaean hydra is heavily wounded.
Your Executioner hits Bai Suzhen!!
Your Executioner barely misses Bai Suzhen.
Your Executioner hits Bai Suzhen. Your Executioner hits Bai Suzhen!!
Bai Suzhen roars in fury and transforms into a fierce dragon!
A violent storm begins to rage around Bai Suzhen.
Your Executioner barely misses Bai Suzhen.
Your Executioner hits Bai Suzhen but does no damage.
The 22-headed Lernaean hydra bites you but does no damage.
You block the 22-headed Lernaean hydra's attack.
The 22-headed Lernaean hydra bites you but does no damage.
The 22-headed Lernaean hydra bites you!
The 22-headed Lernaean hydra barely misses you.
You block the 22-headed Lernaean hydra's attack.
The 22-headed Lernaean hydra barely misses you.
You block the 22-headed Lernaean hydra's attack.
The 22-headed Lernaean hydra bites you!
* * * LOW HITPOINT WARNING * * *
The 22-headed Lernaean hydra barely misses you.
You block the 22-headed Lernaean hydra's attack.
The 22-headed Lernaean hydra barely misses you.
The 22-headed Lernaean hydra bites you!
* * * LOW HITPOINT WARNING * * *
The 22-headed Lernaean hydra bites you!
* * * LOW HITPOINT WARNING * * *
The 22-headed Lernaean hydra bites you but does no damage.
The 22-headed Lernaean hydra bites you!
* * * LOW HITPOINT WARNING * * *
The 22-headed Lernaean hydra bites you.
* * * LOW HITPOINT WARNING * * *
The 22-headed Lernaean hydra bites you.
The 22-headed Lernaean hydra bites you but does no damage.
The 22-headed Lernaean hydra bites you.
The 22-headed Lernaean hydra bites you but does no damage.
The 22-headed Lernaean hydra bites you!
You die...

♣♣♣≈..≈≈≈♣# #♣♣≈≈.≈≈
♣♣.♣.≈♣≈.♣#***** #♣≈..≈
♣..≈≈..≈♣#**,,,***#♣≈§.
♣♣♣♣≈..≈.♣#*,,,,,,,**♣≈≈≈
♣♣.≈♣≈≈≈≈≈#*,,,,,,,,,*#♣..
♣.≈....≈.♣#*,,,,,,,,,**♣.≈
♣.≈.....≈♣#*,,,,,,,,,**≈≈,
♣♣...≈≈.§≈#**,,,,...#**,**
♣..≈..♣≈♣@♣♣#,,,,...#*≈,**
♣♣..≈.♣♣♣♣≈D≈#*,,...#*,≈***
♣....♣♣♣ ♣./D♣##,..#*♣≈≈≈**
♣♣.....♣♣♣♣.§§k##.##≈≈≈≈≈≈*
♣♣♣≈...♣≈..1D§.§§...≈.≈≈≈≈
♣♣....≈..§§§)≈≈≈≈♣,,≈≈≈≈
♣♣.≈..≈.≈.†.†.♣♣♣*≈*≈≈≈
♣♣.♣.≈≈...†.≈≈♣*≈≈≈*≈,
♣♣♣♣≈≈.≈≈≈.≈≈♣≈≈≈≈≈≈≈


You could see Bai Suzhen, the 22-headed Lernaean hydra, a two-headed hydra, a
swamp drake and a friendly Executioner.

Vanquished Creatures
  A sphinx (D:13)
  2 tengu reavers (D:13)
  Kirke (Swamp:2)
  A frost giant (D:13)
  2 orc warlords (Orc:2)
  A very ugly thing (Swamp:2)
  A stone giant (Orc:2)
  The ghost of Daviar the Fighter, a journeyman GnWn of Ashenzari (Lair:5)
  The ghost of MisterFreud the Severer, a journeyman FoFi of Okawaru (Lair:2)
  A yaktaur captain (D:13)
  A fire dragon (D:13)
  2 vault guards (D:13)
  18 hydras
  The ghost of TheNamelessOne the Basher, a journeyman DsCK of Xom (D:10)
  A ghost crab (Swamp:4)
  A centaur warrior (D:13)
  17 alligators
  A two-headed ogre (shapeshifter) (D:13)
  6 two-headed ogres
  2 deep troll earth magi (D:13)
  A vampire mage (D:15)
  14 death yaks
  A fire crab (Lair:5)
  A hell knight (D:13)
  3 spriggan druids
  6 skeletal warriors
  2 wizards (D:13)
  4 shambling mangroves
  An unseen horror (D:12)
  2 necromancers
  6 swamp dragons (Swamp:4)
  An iron dragon zombie (D:15)
  2 orc knights (Orc:1)
  7 ugly things
  5 cyclopes
  2 orc sorcerers
  A wolf spider (D:13)
  An elephant (D:11)
  5 black mambas
  A torpor snail (Lair:6)
  A frost giant skeleton (D:15)
  Joseph (D:8)
  A yaktaur zombie (D:15)
  2 gargoyles (D:15)
  7 komodo dragons
  28 spiny frogs
  5 yaktaurs
  10 rime drakes
  An efreet (D:11)
  A centaur skeleton (D:15)
  A guardian mummy (D:15)
  A kobold demonologist (D:15)
  5 trolls
  10 tyrant leeches
  26 blink frogs
  9 hornets
  A wolf spider simulacrum (D:14)
  6 bog bodies
  19 slime creatures
  13 dream sheep
  A centaur simulacrum (D:13)
  13 hippogriffs
  Sigmund (D:5)
  3 shadows
  2 wraiths
  4 spriggans
  A wyvern (D:15)
  41 yaks
  20 humans (D:13)
  6 hogs (Swamp:2)
  3 basilisks
  37 vampire mosquitoes
  3 hungry ghosts
  9 steam dragons
  A tengu zombie (D:15)
  14 swamp worms
  5 insubstantial wisps (Swamp:4)
  5 nagas (Lair:4)
  A warg (Orc:2)
  3 acid dragons
  9 water moccasins
  Duvessa (D:5)
  9 porcupines
  3 sky beasts
  35 orc warriors
  10 swamp drakes
  A black bear (D:8)
  4 phantoms
  3 ice beasts
  2 eyes of draining
  8 ogres
  A necrophage (D:12)
  9 centaurs
  9 wolves
  11 crocodiles
  A crocodile (shapeshifter) (D:13)
  6 elf zombies (Ossuary)
  5 big kobolds
  31 bullfrogs
  A wyvern skeleton (D:15)
  3 scorpions
  Dowan (D:5)
  A troll zombie (D:10)
  16 killer bees
  16 wights
  6 howler monkeys
  2 electric eels (Lair:6)
  9 crimson imps
  4 bullfrog zombies
  5 centaur zombies
  3 human zombies (Ossuary)
  9 jellies
  8 hounds
  23 orc priests
  3 bullfrog skeletons
  25 orc wizards
  3 iguanas
  12 worker ants
  5 ogre zombies (D:10)
  A bullfrog simulacrum (D:13)
  3 hound skeletons
  3 mummies (Ossuary)
  A worker ant zombie (D:6)
  A howler monkey zombie (D:10)
  7 gnolls
  14 adders
  2 river rats (Lair:6)
  3 shadow imps
  3 oozes (D:1)
  An adder skeleton (D:5)
  2 worms
  2 dart slugs
  6 leopard geckos
  91 orcs
  4 ball pythons
  8 giant cockroaches
  8 hobgoblins
  6 jackals
  20 kobolds
  4 bats (D:1)
  7 frilled lizards
  11 goblins
  3 goblin skeletons (D:10)
  A goblin zombie (D:10)
  A hobgoblin skeleton (D:10)
  A hobgoblin zombie (D:10)
  A leopard gecko zombie (D:5)
  13 orc zombies (D:10)
  12 rats
  A butterfly (Lair:4)
  7 fungi
  8 plants
1018 creatures vanquished.

Vanquished Creatures (collateral kills)
  2 hydras
  Fannar (Lair:3)
  A death yak (Lair:5)
  A black mamba (Lair:5)
  2 blink frogs (Lair:3)
  2 hippogriffs (Lair:5)
  A yak (Lair:5)
  3 vampire mosquitoes (Lair:3)
  A steam dragon (Lair:3)
  A water moccasin (Lair:3)
  A porcupine (Lair:3)
  An ice beast (D:13)
  3 wolves
  3 crocodiles (Lair:5)
23 creatures vanquished.

Vanquished Creatures (others)
  A hydra (D:13)
  An alligator (Swamp:4)
  A cyclops (Orc:2)
  A human (D:2)
  3 centaurs
  A big kobold (D:15)
  An orc wizard (Orc:1)
  An orc (Orc:1)
  A kobold (D:12)
  18 fungi
  34 plants
63 creatures vanquished.

Grand Total: 1104 creatures vanquished

Notes
Turn   | Place    | Note
-------+----------+-------------------------------------------
     0 | D:1      | Mgcat the Deep Dwarf Fighter began the quest for the Orb.
     0 | D:1      | Reached XP level 1. HP: 20/20 MP: 1/1
   141 | D:2      | Found a bloodstained altar of Trog.
   150 | D:2      | Reached skill level 3 in Axes
   154 | D:2      | Found an ornate altar of the Wu Jian Council.
   156 | D:2      | Found a radiant altar of Vehumet.
   156 | D:2      | Found an opulent altar of Gozag.
   171 | D:2      | Found a blossoming altar of Fedhas.
   209 | D:2      | Reached XP level 2. HP: 21/27 MP: 2/2
   401 | D:3      | Reached skill level 4 in Axes
   401 | D:3      | Reached XP level 3. HP: 23/33 MP: 3/3
   403 | D:3      | HP: 3/33 [orc priest/nerve-wracking pain (10)]
   404 | D:3      | HP: 1/33 [orc wizard/dagger (2)]
   424 | D:3      | Reached skill level 5 in Axes
   424 | D:3      | Reached XP level 4. HP: 22/40 MP: 3/3
   536 | D:4      | Reached skill level 6 in Axes
   536 | D:4      | Reached XP level 5. HP: 17/46 MP: 4/4
   540 | D:4      | Found a stormy altar of Qazlal.
   545 | D:4      | Found a staircase to the Ecumenical Temple.
   555 | Temple   | Entered the Ecumenical Temple
   712 | D:4      | Found a blossoming altar of Fedhas.
   741 | D:5      | Entered Level 5 of the Dungeon
   771 | D:5      | Noticed a centaur
   782 | D:5      | Killed a centaur
   782 | D:5      | Reached skill level 7 in Axes
   782 | D:5      | Reached XP level 6. HP: 19/55 MP: 4/4
   926 | D:6      | Reached skill level 8 in Axes
   938 | D:6      | Noticed an orc warrior
   951 | D:6      | Reached XP level 7. HP: 33/61 MP: 3/3
   958 | D:6      | Reached skill level 9 in Axes
  1055 | D:6      | HP: 9/61 [orc warrior/scimitar (10)]
  1063 | D:6      | Reached skill level 10 in Axes
  1128 | D:6      | Reached XP level 8. HP: 25/68 MP: 2/2
  1142 | D:6      | HP: 14/68 [bullfrog (5)]
  1180 | D:6      | Found a sand-covered staircase.
  1196 | Ossuary  | Entered an ossuary
  1261 | Ossuary  | Reached skill level 11 in Axes
  1271 | Ossuary  | HP: 14/68 [human zombie (4)]
  1282 | Ossuary  | HP: 10/68 [human zombie (4)]
  1395 | Ossuary  | Reached skill level 12 in Axes
  1621 | D:6      | Gained mutation: You passively map the area around you. [Deep Dwarf growth]
  1621 | D:6      | Reached XP level 9. HP: 41/74 MP: 3/3
  1766 | D:7      | Found Zin's Purification Station.
  1766 | D:7      | Found a glowing silver altar of Zin.
  1786 | D:7      | Reached skill level 13 in Axes
  1821 | D:7      | Found an opulent altar of Gozag.
  1865 | D:8      | HP: 16/74 [something (15)]
  1885 | D:8      | HP: 11/74 [something (16)]
  1988 | D:8      | HP: 16/74 [iguana (3)]
  2081 | D:8      | HP: 13/74 [worker ant (3)]
  2112 | D:8      | HP: 11/74 [black bear (2)]
  2118 | D:8      | Reached skill level 14 in Axes
  2142 | D:8      | Found a burning altar of Makhleb.
  2154 | D:8      | Became a worshipper of Makhleb the Destroyer
  2224 | D:8      | Noticed Joseph
  2224 | D:8      | HP: 16/74 [Joseph/sling bullet (17)]
  2264 | D:7      | HP: 17/74 [hippogriff (2)]
  2270 | D:7      | Reached skill level 3 in Fighting
  2270 | D:7      | Reached skill level 2 in Invocations
  2497 | D:2      | Found a sparkling altar of Nemelex Xobeh.
  2506 | D:2      | Found an ancient bone altar of Kikubaaqudgha.
  2972 | D:1      | Reached * piety under Makhleb
  4066 | D:4      | Reached skill level 3 in Invocations
  4428 | D:5      | Reached skill level 1 in Spellcasting
  4448 | D:5      | Reached ** piety under Makhleb
  4581 | D:5      | Found a hazy altar of Hepliaklqana.
  4591 | D:5      | Found a glowing golden altar of the Shining One.
  4872 | D:5      | Reached skill level 4 in Fighting
  4937 | D:5      | Noticed Duvessa
  4937 | D:5      | Noticed Dowan
  4952 | D:5      | Killed Dowan
  4954 | D:5      | Killed Duvessa
  5060 | D:5      | Reached skill level 4 in Invocations
  5065 | D:5      | Reached XP level 10. HP: 60/85 MP: 3/5
  5088 | D:5      | Noticed Sigmund
  5098 | D:5      | Killed Sigmund
  5098 | D:5      | Reached skill level 2 in Spellcasting
  6127 | D:8      | Killed Joseph
  6127 | D:8      | Reached skill level 5 in Invocations
  6347 | D:8      | Found an iron altar of Okawaru.
  6500 | D:8      | Reached *** piety under Makhleb
  6711 | D:9      | Noticed an obsidian statue
  6765 | D:9      | Reached skill level 5 in Fighting
  6765 | D:9      | Reached skill level 3 in Spellcasting
  7082 | D:9      | Reached skill level 6 in Invocations
  7226 | D:9      | Reached skill level 4 in Armour
  7254 | D:9      | Reached skill level 4 in Spellcasting
  7254 | D:9      | Reached skill level 7 in Invocations
  7265 | D:9      | Reached skill level 5 in Armour
  7293 | D:10     | Entered Level 10 of the Dungeon
  7339 | D:10     | Noticed TheNamelessOne's ghost (journeyman DsCK)
  7361 | D:10     | Killed TheNamelessOne's ghost
  7361 | D:10     | Reached skill level 8 in Invocations
  7401 | D:10     | Found a staircase to the Orcish Mines.
  7401 | D:10     | Noticed an orc sorcerer
  7402 | D:10     | HP: 18/88 [ogre/giant spiked club (23)]
  7409 | D:10     | Reached XP level 11. HP: 50/94 MP: 10/10
  7421 | D:10     | Killed an orc sorcerer
  7421 | D:10     | Reached skill level 5 in Spellcasting
  7465 | D:10     | Reached **** piety under Makhleb
  7473 | D:10     | Reached skill level 9 in Invocations
  8022 | D:10     | Reached skill level 10 in Invocations
  8140 | D:10     | Reached skill level 1 in Dodging
  8247 | D:11     | Noticed a two-headed ogre
  8258 | D:11     | Killed a two-headed ogre
  8258 | D:11     | Reached skill level 3 in Dodging
  8279 | D:11     | Reached skill level 4 in Dodging
  8324 | D:11     | Noticed a white ugly thing
  8345 | D:11     | HP: 22/94 [white ugly thing (30)]
  8370 | D:11     | Killed a white ugly thing
  8399 | D:11     | Noticed a purple ugly thing
  8407 | D:11     | Killed a purple ugly thing
  8407 | D:11     | Reached skill level 5 in Dodging
  8428 | D:11     | Found a staircase to the Lair.
  8516 | Lair:1   | Entered Level 1 of the Lair of Beasts
  8566 | Lair:1   | Reached ***** piety under Makhleb
  8566 | Lair:1   | Reached skill level 15 in Axes
  8842 | Lair:2   | Noticed MisterFreud's ghost (journeyman FoFi)
  8888 | Lair:2   | HP: 19/94 [MisterFreud's ghost (18)]
  8895 | Lair:2   | Killed MisterFreud's ghost
  8997 | Lair:2   | Found a frozen archway.
  9025 | Lair:2   | Reached XP level 12. HP: 54/103 MP: 6/6
  9092 | Lair:2   | Reached skill level 16 in Axes
  9574 | Lair:3   | Noticed Fannar
  9574 | Lair:3   | Noticed a death yak
  9575 | Lair:3   | Noticed a death yak
  9576 | Lair:3   | Noticed a death yak
  9589 | Lair:3   | Killed Fannar
  9614 | Lair:3   | Killed a death yak
  9636 | Lair:3   | Killed a death yak
  9656 | Lair:3   | Killed a death yak
  9656 | Lair:3   | Reached skill level 17 in Axes
  9852 | Lair:3   | HP: 20/103 [steam dragon/ball of steam (15)]
  9867 | Lair:3   | HP: 25/103 [acid dragon/splash of acid (6)]
  9867 | Lair:3   | HP: 9/103 [acid (16)]
  9879 | Lair:3   | HP: 25/103 [rime drake/flash freeze (9)]
  9940 | Lair:3   | HP: 14/103 [komodo dragon (22)]
  9980 | Lair:3   | HP: 15/103 [blink frog (11)]
  9989 | Lair:3   | Reached skill level 18 in Axes
 10040 | Lair:3   | Noticed an eight-headed hydra
 10051 | Lair:3   | Killed an eight-headed hydra
 10095 | Lair:3   | Found a staircase to the Swamp.
 10096 | Lair:3   | Noticed a five-headed hydra
 10116 | Lair:3   | Killed a ten-headed hydra
 10192 | Lair:3   | Reached XP level 13. HP: 71/109 MP: 6/6
 10712 | Lair:2   | Identified a scroll of acquirement
 10818 | Lair:4   | Reached skill level 1 in Evocations
 10908 | Lair:4   | Reached skill level 2 in Evocations
 11044 | Lair:4   | Reached skill level 3 in Evocations
 11070 | Lair:4   | Reached skill level 4 in Evocations
 11082 | Lair:4   | Found a staircase to the Snake Pit.
 11132 | Lair:4   | Found an opulent altar of Gozag.
 11278 | Lair:4   | Reached skill level 5 in Evocations
 11492 | Lair:5   | HP: 23/109 [death yak (10)]
 11492 | Lair:5   | HP: 6/109 [death yak (17)]
 11497 | Lair:5   | Reached skill level 19 in Axes
 11505 | Lair:5   | HP: 25/109 [death yak (17)]
 11508 | Lair:5   | HP: 9/109 [death yak (16)]
 11519 | Lair:4   | Reached skill level 6 in Evocations
 11540 | Lair:5   | HP: 24/109 [death yak (19)]
 11541 | Lair:5   | Reached skill level 7 in Evocations
 11586 | Lair:5   | Noticed Daviar's ghost (journeyman GnWn)
 11608 | Lair:5   | HP: 26/109 [Daviar's ghost (6)]
 11619 | Lair:5   | Killed Daviar's ghost
 11709 | Lair:5   | Reached skill level 8 in Evocations
 11898 | Lair:5   | HP: 25/109 [death yak (16)]
 12026 | Lair:5   | HP: 20/109 [death yak (10)]
 12028 | Lair:5   | Reached skill level 9 in Evocations
 12410 | Lair:6   | Entered Level 6 of the Lair of Beasts
 12509 | Lair:6   | Got a crude broad axe
 12510 | Lair:6   | Identified the +6 broad axe "Ossehud" {flame, Dex+4} (You acquired it on level 6 of the Lair of Beasts)
 12555 | Lair:6   | Reached skill level 10 in Evocations
 12562 | Lair:6   | Gained mutation: You resist negative energy. (rN+) [Deep Dwarf growth]
 12562 | Lair:6   | Reached XP level 14. HP: 110/117 MP: 7/7
 12578 | Lair:6   | Reached skill level 20 in Axes
 12583 | Lair:6   | Reached ****** piety under Makhleb
 12624 | Lair:6   | Reached skill level 6 in Fighting
 12938 | Lair:6   | Reached skill level 7 in Fighting
 13136 | Lair:6   | Reached skill level 8 in Fighting
 13225 | Lair:6   | Got a slimy amber ring
 13244 | Lair:6   | Identified the ring "Winnot" {rCorr MR+} (You found it on level 6 of the Lair of Beasts)
 13360 | Lair:6   | Reached skill level 9 in Fighting
 13444 | Lair:6   | Found a viscous altar of Jiyva.
 13445 | Lair:6   | Found a staircase to the Slime Pits.
 13626 | Orc:1    | Entered Level 1 of the Orcish Mines
 13626 | Orc:1    | Found Odiumum's Weapon Shop.
 13890 | Orc:1    | You fall through a shaft!
 13890 | Orc:2    | Entered Level 2 of the Orcish Mines
 13894 | Orc:2    | Noticed a stone giant
 13908 | Orc:2    | Killed a stone giant
 13914 | Orc:2    | Found a staircase to the Elven Halls.
 13976 | Orc:2    | Found a roughly hewn altar of Beogh.
 13977 | Orc:2    | Found Keaqas's Antique Armour Shop.
 14114 | Orc:2    | Reached skill level 10 in Fighting
 14116 | Orc:2    | Noticed an orc warlord
 14127 | Orc:2    | Killed an orc warlord
 14127 | Orc:2    | Reached skill level 4 in Shields
 14249 | Orc:2    | Reached skill level 5 in Shields
 14317 | Orc:2    | Found a roughly hewn altar of Beogh.
 14457 | Orc:2    | Found a roughly hewn altar of Beogh.
 14532 | Orc:2    | Found a roughly hewn altar of Beogh.
 14617 | Orc:2    | Noticed an orc warlord
 14643 | Orc:2    | Killed an orc warlord
 14643 | Orc:2    | Reached skill level 6 in Shields
 14649 | Orc:2    | Found Aganwuh's Antique Weapon Shoppe.
 14687 | Orc:2    | Found Votize's Antique Armour Emporium.
 14688 | Orc:2    | Found a roughly hewn altar of Beogh.
 14702 | Orc:2    | Bought a pair of glowing boots for 247 gold pieces
 14702 | Orc:2    | Bought a pair of glowing boots for 247 gold pieces
 14858 | Orc:2    | Found a roughly hewn altar of Beogh.
 14879 | Orc:2    | Found Copros's Antique Weapon Emporium.
 15197 | D:11     | Reached skill level 7 in Shields
 15656 | D:11     | Reached XP level 15. HP: 138/138 MP: 8/8
 15681 | D:11     | Reached skill level 8 in Shields
 16378 | D:12     | Reached skill level 9 in Shields
 16900 | D:13     | Reached skill level 10 in Shields
 17045 | D:13     | Noticed a frost giant
 17053 | D:13     | Reached skill level 11 in Shields
 17061 | D:13     | Killed a frost giant
 17094 | D:13     | Got a vibrating brass ring
 17096 | D:13     | Identified the ring of Fedhas's Scorn {rPois rF+ rC+} (You found it on level 13 of the Dungeon)
 17116 | D:13     | Noticed a tengu reaver
 17129 | D:13     | Noticed a sphinx
 17141 | D:13     | Killed a sphinx
 17178 | D:13     | Noticed a tengu reaver
 17190 | D:13     | Killed a tengu reaver
 17190 | D:13     | Reached skill level 12 in Shields
 17568 | D:13     | Reached skill level 13 in Shields
 17598 | D:13     | Found a gate to the Vaults.
 17755 | D:13     | Killed a tengu reaver
 18213 | D:14     | Found Rocuc's Assorted Antiques.
 18651 | D:15     | Entered Level 15 of the Dungeon
 18663 | D:15     | Found a staircase to the Depths.
 18772 | D:15     | Reached XP level 16. HP: 127/146 MP: 9/9
 19505 | Swamp:1  | Entered Level 1 of the Swamp
 19516 | Swamp:1  | Reached skill level 14 in Shields
 19553 | Swamp:1  | Reached skill level 11 in Invocations
 19582 | Swamp:1  | Reached skill level 11 in Evocations
 20251 | Swamp:2  | Noticed Kirke
 20284 | Swamp:2  | Killed Kirke
 20448 | Swamp:2  | Reached skill level 12 in Invocations
 20448 | Swamp:2  | Reached skill level 12 in Evocations
 21592 | Swamp:4  | Entered Level 4 of the Swamp
 21607 | Swamp:4  | Reached skill level 15 in Shields
 21745 | Swamp:4  | Reached skill level 13 in Evocations
 21757 | Swamp:4  | Reached skill level 13 in Invocations
 21858 | Swamp:4  | Reached XP level 17. HP: 149/153 MP: 13/13
 21982 | Swamp:4  | Noticed Bai Suzhen
 21982 | Swamp:4  | Noticed the 27-headed Lernaean hydra
 21996 | Swamp:4  | Reached skill level 14 in Evocations
 21997 | Swamp:4  | Reached skill level 14 in Invocations
 22001 | Swamp:4  | HP: 33/153 [the 23-headed Lernaean hydra (14)]
 22001 | Swamp:4  | HP: 14/153 [the 23-headed Lernaean hydra (6)]
 22010 | Swamp:4  | HP: 26/153 [the 22-headed Lernaean hydra (16)]
 22010 | Swamp:4  | HP: 9/153 [the 22-headed Lernaean hydra (8)]
 22010 | Swamp:4  | HP: 4/153 [the 22-headed Lernaean hydra (5)]
 22010 | Swamp:4  | Slain by the 22-headed Lernaean hydra

Vault maps used:
D:1:      dpeg_arrival_refuge
D:2:      minmay_overflow_temple_star_hex, nemelex_xobeh_ov_fountains_minmay,
          tgw_kikubaaqudgha
D:4:      nicolae_qazlal_eye_of_the_storm,
          minmay_temple_entry_statues_fountains, first_ration, fedhas_altar_3
D:5:      amethyst_overflow_temple_binary, hangedman_decor_riveting,
          uniq_duvessa, uniq_sigmund
D:6:      cheibrodos_two_vegetables, enter_ossuary_3
D:7:      zin_purify, nicolae_gozag_cash_rules_everything_around_me
D:8:      corexii_shack_village, okawaru_ov_weapons_minmay,
          makhleb_heckhound_becter, uniq_joseph
D:9:      blue_anna_alchemist, minmay_statue_bubble
D:10:     zombieorc1_lemuel
D:11:     david_lair_generic
D:12:     kennysheep_flooded_box
D:13:     minmay_tearing_corner, grunt_vaults_entry_tiered
D:14:     minmay_misc_feat_room, serial_shops, shop
D:15:     gammafunk_depths_entry_grave
Temple:   compressed_dpeg_triangle_lava_temple
Lair:2:   portal_ice_cave_entry_pillars_1
Lair:3:   minmay_swamp_entry_swarm, bobbens_dragon_lair_wall,
          serial_bayou_shore_b, uniq_fannar
Lair:4:   minmay_snake_entry_guardpost_medium, lemuel_centaur_altar,
          lemuel_fruit_fields
Lair:5:   beast_lair_carwin_7, minmay_lair_oklob_chamber, grunt_megastairs_5
Lair:6:   minmay_lair_end_frog_pond, dpeg_slime_entry_enclosed_altar,
          serial_bayou_pond_d, pond
Swamp:1:  evilmike_swamp_ruin_house_3, swamp_pool4, nicolae_swamp_trees_clearing
Swamp:2:  evilmike_swamp_ruin_rubble_2, uniq_kirke
Swamp:3:  nicolae_swamp_triple_paths
Swamp:4:  swamp, swamp_pool1, uniq_bai_suzhen
Orc:1:    serial_shops, shop
Orc:2:    grunt_orc_community_town_hall, grunt_orc_community_big_house_1,
          grunt_orc_community_big_house_2, grunt_orc_community_house_2,
          grunt_orc_community_house_1, grunt_orc_community_house_2,
          grunt_orc_community_house_2, grunt_orc_community_house_3,
          nicolae_orc_sculptors_studio
Ossuary:  ossuary_minmay_four_chambers

Skill      XL: |  1  2  3  4  5  6  7  8  9 10 11 12 13 14 15 16 17 |
---------------+----------------------------------------------------+-----
Axes           | 3 4 5 6 7 8 10 12 14 15 18 19 20 | 20.0
Fighting       | 4 5 10 | 10.0
Invocations    | 4 8 10 13 14 | 14.1
Spellcasting   | 1 4 5 |  5.0
Armour         | 5 |  5.0
Dodging        | 5 |  5.5
Evocations     | 10 13 14 | 14.1
Shields        | 7 13 15 | 15.0

Action                   |  1- 3 |  4- 6 |  7- 9 | 10-12 | 13-15 | 16-18 || total
-------------------------+-------+-------+-------+-------+-------+-------++-------
Melee: War axe           |    64 |    93 |   573 |   976 |   367 |       ||  2073
       Broad axe         |       |       |       |       |  1013 |   617 ||  1630
       Unarmed           |       |       |       |       |       |    12 ||    12
Invok: Lesser Servant of |       |       |       |    10 |     9 |       ||    19
       Minor Destruction |       |       |       |       |     1 |       ||     1
       Greater Servant o |       |       |       |       |       |     1 ||     1
 Abil: Heal Wounds       |     1 |     3 |    12 |    20 |     8 |     4 ||    48
       Evoke Invisibilit |       |       |       |       |     2 |     7 ||     9
Evoke: Wand              |       |       |       |    26 |     2 |       ||    28
  Use: Potion            |     1 |     1 |       |     5 |       |     1 ||     8
       Scroll            |       |     4 |    11 |    13 |     4 |     8 ||    40
 Stab: Distracted        |       |       |       |     2 |     3 |       ||     5
       Invisible         |       |       |       |       |    22 |    42 ||    64
  Eat: Chunk             |       |       |    15 |    14 |    30 |    14 ||    73
       Ration            |       |       |     2 |     1 |       |       ||     3
Armor: Scale mail        |    34 |    28 |   152 |   375 |   352 |     2 ||   943
       Plate armour      |       |       |       |       |       |   264 ||   264
Dodge: Dodged            |    27 |    14 |   105 |   225 |   354 |   202 ||   927
Block: Shield            |    49 |    42 |   257 |   509 |   852 |   553 ||  2262
       Reflection        |       |       |     5 |     8 |    52 |    16 ||    81
       Other             |       |       |       |       |       |     2 ||     2

Table legend:
 A = Spawn XP
 B = Non-spawn XP
 C = Spawn XP percentage of total XP
 D = Spawn monster count
 E = Non-spawn monster count
 F = Spawn count percentage of total count
 G = Total turns spent on level
                    A         B        C        D         E        F      G
               +---------+---------+-------+---------+---------+-------+---------
         Total |       0 |  223558 |   0.0 |       0 |    1033 |   0.0 | 22010
               +---------+---------+-------+---------+---------+-------+---------
           D:1 |       0 |      70 |   0.0 |       0 |      32 |   0.0 |   841
           D:2 |       0 |      88 |   0.0 |       0 |      15 |   0.0 |   480
           D:3 |       0 |     176 |   0.0 |       0 |      17 |   0.0 |   645
           D:4 |       0 |     222 |   0.0 |       0 |      11 |   0.0 |   694
           D:5 |       0 |    1148 |   0.0 |       0 |      35 |   0.0 |  1177
           D:6 |       0 |    1637 |   0.0 |       0 |      34 |   0.0 |   862
           D:7 |       0 |     959 |   0.0 |       0 |      13 |   0.0 |   656
           D:8 |       0 |    1775 |   0.0 |       0 |      32 |   0.0 |   892
           D:9 |       0 |    2712 |   0.0 |       0 |      24 |   0.0 |   673
          D:10 |       0 |    3679 |   0.0 |       0 |      53 |   0.0 |  1003
          D:11 |       0 |   11419 |   0.0 |       0 |      44 |   0.0 |  1260
          D:12 |       0 |    6238 |   0.0 |       0 |      42 |   0.0 |   874
          D:13 |       0 |   33151 |   0.0 |       0 |      80 |   0.0 |  1134
          D:14 |       0 |    2933 |   0.0 |       0 |      15 |   0.0 |   782
          D:15 |       0 |   10123 |   0.0 |       0 |      33 |   0.0 |   695
        Lair:1 |       0 |    1594 |   0.0 |       0 |       8 |   0.0 |   338
        Lair:2 |       0 |    5418 |   0.0 |       0 |      22 |   0.0 |   777
        Lair:3 |       0 |   13708 |   0.0 |       0 |      51 |   0.0 |  1230
        Lair:4 |       0 |    9364 |   0.0 |       0 |      37 |   0.0 |   735
        Lair:5 |       0 |   12521 |   0.0 |       0 |      35 |   0.0 |   934
        Lair:6 |       0 |   23696 |   0.0 |       0 |      91 |   0.0 |  1104
       Swamp:1 |       0 |   13700 |   0.0 |       0 |      26 |   0.0 |   712
       Swamp:2 |       0 |   14113 |   0.0 |       0 |      35 |   0.0 |   661
       Swamp:3 |       0 |    9850 |   0.0 |       0 |      33 |   0.0 |   714
       Swamp:4 |       0 |   27761 |   0.0 |       0 |      60 |   0.0 |   418
         Orc:1 |       0 |    3810 |   0.0 |       0 |      44 |   0.0 |   267
         Orc:2 |       0 |   10796 |   0.0 |       0 |      96 |   0.0 |  1079
       Ossuary |       0 |     897 |   0.0 |       0 |      15 |   0.0 |   243
               +---------+---------+-------+---------+---------+-------+---------

Vault maps used:
D:1:      dpeg_arrival_refuge
D:2:      minmay_overflow_temple_star_hex, nemelex_xobeh_ov_fountains_minmay,
          tgw_kikubaaqudgha
D:4:      nicolae_qazlal_eye_of_the_storm,
          minmay_temple_entry_statues_fountains, first_ration, fedhas_altar_3
D:5:      amethyst_overflow_temple_binary, hangedman_decor_riveting,
          uniq_duvessa, uniq_sigmund
D:6:      cheibrodos_two_vegetables, enter_ossuary_3
D:7:      zin_purify, nicolae_gozag_cash_rules_everything_around_me
D:8:      corexii_shack_village, okawaru_ov_weapons_minmay,
          makhleb_heckhound_becter, uniq_joseph
D:9:      blue_anna_alchemist, minmay_statue_bubble
D:10:     zombieorc1_lemuel
D:11:     david_lair_generic
D:12:     kennysheep_flooded_box
D:13:     minmay_tearing_corner, grunt_vaults_entry_tiered
D:14:     minmay_misc_feat_room, serial_shops, shop
D:15:     gammafunk_depths_entry_grave
Temple:   compressed_dpeg_triangle_lava_temple
Lair:2:   portal_ice_cave_entry_pillars_1
Lair:3:   minmay_swamp_entry_swarm, bobbens_dragon_lair_wall,
          serial_bayou_shore_b, uniq_fannar
Lair:4:   minmay_snake_entry_guardpost_medium, lemuel_centaur_altar,
          lemuel_fruit_fields
Lair:5:   beast_lair_carwin_7, minmay_lair_oklob_chamber, grunt_megastairs_5
Lair:6:   minmay_lair_end_frog_pond, dpeg_slime_entry_enclosed_altar,
          serial_bayou_pond_d, pond
Swamp:1:  evilmike_swamp_ruin_house_3, swamp_pool4, nicolae_swamp_trees_clearing
Swamp:2:  evilmike_swamp_ruin_rubble_2, uniq_kirke
Swamp:3:  nicolae_swamp_triple_paths
Swamp:4:  swamp, swamp_pool1, uniq_bai_suzhen
Orc:1:    serial_shops, shop
Orc:2:    grunt_orc_community_town_hall, grunt_orc_community_big_house_1,
          grunt_orc_community_big_house_2, grunt_orc_community_house_2,
          grunt_orc_community_house_1, grunt_orc_community_house_2,
          grunt_orc_community_house_2, grunt_orc_community_house_3,
          nicolae_orc_sculptors_studio
Ossuary:  ossuary_minmay_four_chambers

Table legend:
 A = Turns spent in this place as a percentage of turns spent in the entire game.
 B = Non-inter-level travel turns spent in this place as a percentage of non-inter-level travel turns spent in the entire game.
 C = Inter-level travel turns spent in this place as a percentage of turns spent in this place.
 D = Turns resting spent in this place as a percentage of non-inter-level travel turns spent in this place.
 E = Turns spent auto-exploring this place as a percentage of non-inter-level travel turns spent in this place.
 F = Non-inter-level travel turns spent in this place divided by the number of levels of this place that you've seen.
                   A       B       C       D       E      F
               +-------+-------+-------+-------+-------+----------------------
         Total | 100.0 | 100.0 |   5.6 |   0.2 |  68.0 | 716.3
       Dungeon |  57.6 |  57.1 |   6.4 |   0.3 |  71.6 | 790.1
        Temple |   0.6 |   0.5 |  20.0 |   0.0 |  97.1 | 104.0
          Lair |  23.3 |  23.4 |   4.9 |   0.2 |  62.9 | 810.8
         Swamp |  11.4 |  11.6 |   3.6 |   0.0 |  63.1 | 603.5
  Orcish Mines |   6.1 |   6.2 |   3.8 |   0.3 |  68.7 | 647.5
       Ossuary |   1.1 |   1.2 |   0.0 |   0.0 |  25.5 | 243.0
               +-------+-------+-------+-------+-------+----------------------

Table legend:
 A = Kills in this place as a percentage of kills in entire the game.
 B = Kills by you in this place as a percentage of kills by you in the entire game.
 C = Kills by friends in this place as a percentage of kills by friends in the entire game.
 D = Other kills in this place as a percentage of other kills in the entire game.
 E = Experience gained in this place as a percentage of experience gained in the entire game.
 F = Experience gained in this place divided by the number of levels of this place that you have seen.
                   A       B       C       D       E      F
               +-------+-------+-------+-------+-------+----------------------
         Total | 100.0 | 100.0 | 100.0 | 100.0 | 100.0 | 7708.9
       Dungeon |  46.5 |  47.4 |   4.3 |  50.0 |  34.1 | 5088.7
          Lair |  23.6 |  22.0 |  95.7 |  25.0 |  29.7 | 11050.2
         Swamp |  14.9 |  15.3 |   0.0 |  12.5 |  29.3 | 16356.0
  Orcish Mines |  13.6 |  13.9 |   0.0 |  12.5 |   6.5 | 7303.0
       Ossuary |   1.5 |   1.5 |   0.0 |   0.0 |   0.4 | 897.0
               +-------+-------+-------+-------+-------+----------------------
